 Dungeon Crawl Stone Soup version 0.29-a0-340-g6efceafd81 (webtiles) character file.

Game seed: 11291714051020655941

1852 ryw the Magician (level 8, -1/64 HPs)
             Began as a Demonspawn Monk on Apr 19, 2022.
             Slain by a four-headed hydra (14 damage)
             ... on level 6 of the Dungeon on Apr 20, 2022.
             The game lasted 00:24:47 (9250 turns).

ryw the Magician (Demonspawn Monk)                  Turns: 9250, Time: 00:24:47

Health: -1/64      AC:  5    Str: 11    XL:     8   Next: 88%
Magic:  18/19      EV: 14    Int: 15    God:
Gold:   305        SH:  5    Dex: 15    Spells: 15/22 levels left

rFire   . . .      SeeInvis .     - Unarmed
rCold   . . .      Faith    .   (no shield)
rNeg    + . .      Spirit   .   n - +1 robe {rN+}
rPois   .          Reflect  +   a - +0 helmet
rElec   .          Harm     .   (no cloak)
rCorr   .          Rampage  .   (no gloves)
Will    .....                   h - +0 pair of boots
Stlth   ++........              k - amulet of reflection
HPRegen 0.20/turn               c - ring of flight
MPRegen 0.32/turn               (no ring)

@: flying
A: claws 1, hooves 1, magic regeneration, weakness stinger 2
a: no special abilities


You were on level 6 of the Dungeon.
You visited 1 branch of the dungeon, and saw 6 of its levels.

You collected 305 gold pieces.

Inventory:

Hand Weapons
 t - a +1 falchion
Missiles
 j - 7 poisoned darts
Armour
 a - a +0 helmet (worn)
 h - a +0 pair of boots (worn)
 n - a +1 robe of positive energy (worn)
Jewellery
 c - a ring of flight (left claw)
 k - an amulet of reflection (around neck)
Wands
 s - a wand of charming (7)
 u - a wand of flame (12)
Scrolls
 f - a scroll of teleportation
 g - a scroll of fear
 i - a scroll of holy word
 o - a scroll of identify
 v - a scroll of fog
Potions
 b - 3 potions of ambrosia
 d - 2 potions of curing
 e - 2 potions of invisibility
 l - 3 potions of brilliance
 m - 2 potions of haste
 p - a potion of degeneration (quivered)
 q - a potion of attraction
 r - a potion of berserk rage


   Skills:
 - Level 6.0 Fighting
 - Level 0.2(2.6) Short Blades
 - Level 4.2(4.3) Long Blades
 - Level 0.6 Throwing
 + Level 5.5 Dodging
 - Level 1.7 Stealth
 * Level 5.0 Unarmed Combat
 - Level 7.7 Spellcasting
 - Level 0.1 Summonings
 - Level 4.0 Transmutations
 - Level 0.3 Air Magic
 - Level 4.9 Poison Magic
 - Level 0.2 Invocations


You had 15 spell levels left.
You knew the following spells:

 Your Spells              Type           Power      Damage    Failure   Level
a - Sting                 Tmut/Pois      76%        1d6       1%          1
b - Poisonous Vapours     Pois/Air       26%        N/A       6%          2
c - Olgreb's Toxic Radia  Pois           20%        N/A       16%         4

Your spell library contained the following spells:

 Spells                   Type           Power      Damage    Failure   Level
 Apportation              Tloc           10%        N/A       12%         1
 Corpse Rot               Necr/Air       12%        N/A       17%         2
 Sublimation of Blood     Necr           5%         N/A       19%         2
 Petrify                  Tmut/Erth      11%        N/A       47%         4
 Alistair's Intoxication  Tmut/Pois      12%        N/A       47%         5
 Irradiate                Conj/Tmut      5%         3d15      83%         5


Dungeon Overview and Level Annotations

Branches:
Dungeon (6/15)
 Temple: D:4-7

Altars:
Makhleb
Xom


Innate Abilities, Weirdness & Mutations

You have sharp fingernails.
You have large cloven feet.
You regenerate magic rapidly.
You have a tail ending in a sharp stinger.


Message History

The four-headed hydra bites you but does no damage.
The four-headed hydra bites you. x2
The four-headed hydra barely misses you.
You claw the four-headed hydra!
The four-headed hydra is moderately wounded.
The four-headed hydra closely misses you.
The four-headed hydra bites you.
The four-headed hydra closely misses you. x2
You scratch the four-headed hydra but do no damage.
The four-headed hydra is moderately wounded.
The four-headed hydra bites you but does no damage.
You block the four-headed hydra's attack. x2
The four-headed hydra closely misses you.
You scratch the four-headed hydra.
The four-headed hydra is moderately wounded.
The four-headed hydra bites you but does no damage.
The four-headed hydra bites you. The four-headed hydra misses you.
The four-headed hydra bites you!
The four-headed hydra attacks as you move away!
The four-headed hydra completely misses you.
The four-headed hydra bites you. x2
The four-headed hydra closely misses you.
Casting: Sting (safe; 1% risk of failure)
Confirm with . or Enter, or press ? or * to list all spells.
Aiming: Sting (safe; 1% risk of failure)
Press: ? - help, Shift-Dir - straight line, f/p - four-headed hydra
Aim: a four-headed hydra (moderately wounded, poisoned, 91% to hit)
The sting hits the four-headed hydra.
The four-headed hydra partially resists.
The four-headed hydra looks even sicker.
The four-headed hydra is moderately wounded.
The four-headed hydra bites you. x2
You block the four-headed hydra's attack.
The four-headed hydra bites you!
* * * LOW HITPOINT WARNING * * *
Unknown command.
You feel better.
The four-headed hydra barely misses you.
The four-headed hydra bites you!
You die...

##..###...#....##........ #.##
#...#.....#.)..)... ###
##........#..))###.
###.......#)..## #.
##............## ###
#....##....##..###.. ###
##..................
##..##...................
#....#.D@................
#....########.#........ ###.##
##.######... ###..#######...#
##.. ##.?####...###..#.#.###
##. ...........##.........####
##
..#(......###............####.
##...#............##........
##..###.##......###..##....


You could see a four-headed hydra (very poisoned).

Vanquished Creatures
  Pikel (D:4)
  Sigmund (D:2)
  An ice beast (D:5)
  2 ogres (D:5)
  A lemure (D:4)
  A scorpion (D:5)
  A necrophage (D:4)
  2 jellies
  2 orc priests
  Ijyb (D:5)
  3 iguanas
  2 orc wizards
  Robin (D:2)
  3 gnolls
  6 adders
  A white imp (D:5)
  2 ufetubi
  A worm (D:3)
  2 dart slugs
  18 orcs
  2 endoplasms
  6 giant cockroaches
  16 goblins
  8 hobgoblins
  4 jackals
  9 kobolds
  A quokka (D:2)
  8 ball pythons
  2 bats (D:1)
  6 frilled lizards
  5 rats
119 creatures vanquished.

Notes
Turn   | Place    | Note
-------+----------+-------------------------------------------
     0 | D:1      | ryw the Demonspawn Monk began the quest for the Orb.
     0 | D:1      | Reached XP level 1. HP: 18/18 MP: 1/1
   459 | D:1      | Gained mutation: You regenerate magic rapidly. [demonic
                  | ancestry]
   459 | D:1      | Reached XP level 2. HP: 24/24 MP: 2/2
   779 | D:1      | Learned a level 1 spell: Sting
  1275 | D:2      | Reached XP level 3. HP: 17/30 MP: 3/3
  1604 | D:2      | Noticed Robin
  1758 | D:2      | Noticed Sigmund
  2417 | D:1      | Reached skill level 1 in Spellcasting
  2823 | D:2      | Reached skill level 1 in Poison Magic
  3466 | D:3      | Reached XP level 4. HP: 37/37 MP: 0/6
  3801 | D:3      | Found a shimmering altar of Xom.
  3802 | D:3      | Found a shimmering altar of Xom.
  3803 | D:3      | Found a shimmering altar of Xom.
  4204 | D:3      | Reached skill level 2 in Spellcasting
  4774 | D:2      | Killed Robin
  4855 | D:2      | Killed Sigmund
  4856 | D:2      | Reached skill level 4 in Spellcasting
  4856 | D:2      | Discovered your monstrous ancestry.
  4856 | D:2      | Gained mutation: You have a small tail. [demonic ancestry]
  4856 | D:2      | Reached XP level 5. HP: 17/42 MP: 4/11
  5206 | D:3      | Gained mutation: You have a tail ending in a sharp stinger.
                  | [demonic ancestry]
  5206 | D:3      | Reached XP level 6. HP: 17/48 MP: 12/12
  6104 | D:4      | Reached skill level 1 in Long Blades
  6233 | D:3      | Reached skill level 5 in Dodging
  6233 | D:3      | Reached skill level 7 in Spellcasting
  6233 | D:3      | Gained mutation: You have sharp fingernails. [demonic
                  | ancestry]
  6233 | D:3      | Reached XP level 7. HP: 58/58 MP: 14/18
  6249 | D:3      | Learned a level 2 spell: Poisonous Vapours
  6254 | D:3      | Learned a level 4 spell: Olgreb's Toxic Radiance
  6281 | D:4      | Found a burning altar of Makhleb.
  6403 | D:4      | Noticed Pikel
  6461 | D:4      | Killed Pikel
  6462 | D:4      | Gained mutation: You have large cloven feet. [demonic
                  | ancestry]
  6462 | D:4      | Reached XP level 8. HP: 18/64 MP: 19/19
  7160 | D:5      | Entered Level 5 of the Dungeon
  8641 | D:5      | Noticed Ijyb
  8664 | D:5      | Killed Ijyb
  9051 | D:6      | Reached skill level 5 in Unarmed Combat
  9232 | D:6      | Noticed a four-headed hydra
  9250 | D:6      | Slain by a four-headed hydra

Illustrated notes

Levels and vault maps discovered:
D:1:      minmay_arrival_diagonal_passages, layout_loops_ring
D:2:      layout_rooms, uniq_sigmund, uniq_robin
D:3:      layout_basic, xom_redecorated, minmay_fractal_squares_diagonal_5
D:4:      layout_basic, mainiacjoe_overflow_tiny_flanked, uniq_pikel
D:5:      layout_loops_corners, uniq_ijyb
D:6:      layout_cave_pools, minmay_temple_entry_stoned_glass

Skill      XL: |  1  2  3  4  5  6  7  8 |
---------------+-------------------------+-----
Spellcasting   | 1 4 7 |  7.7
Poison Magic   | 1 4 |  4.9
Long Blades    | 4 |  4.2
Fighting       | 6 |  6.0
Dodging        | 5 |  5.5
Transmutations | 4 |  4.0
Unarmed Combat | 4 5 |  5.0
Short Blades   | |  0.2
Throwing       | |  0.6
Stealth        | |  1.7
Summonings     | |  0.1
Air Magic      | |  0.3
Invocations    | |  0.2

Action                   |  1- 3 |  4- 6 |  7- 9 || total
-------------------------+-------+-------+-------++-------
Melee: Unarmed           |   160 |       |   114 ||   274
       Punch             |     4 |     2 |     6 ||    12
       Falchion          |       |    78 |       ||    78
       Tailslap          |       |     7 |    17 ||    24
Throw: Dart              |       |       |     2 ||     2
 Cast: Sting             |    11 |    35 |    61 ||   107
       Olgreb's Toxic Ra |       |       |     3 ||     3
       Poisonous Vapours |       |       |     1 ||     1
  Use: Scroll            |       |    14 |     3 ||    17
       Potion            |       |     3 |     1 ||     4
 Stab: Sleeping          |     7 |       |     1 ||     8
Armor: Robe              |    29 |    18 |    25 ||    72
Dodge: Dodged            |   117 |    73 |    64 ||   254
Block: Other             |     1 |    31 |    30 ||    62
       Reflection        |       |       |     2 ||     2

Table legend: (Time is in decaauts)
 A = Elapsed time spent in this place.
 B = Non-inter-level travel time spent in this place.
 C = Inter-level travel time spent in this place.
 D = Time resting spent in this place.
 E = Time spent auto-exploring this place.
 F = Levels seen in this place.
 G = Mean time per level.
                   A        B        C        D        E       F      G
               +--------+--------+--------+--------+--------+-----+--------+
         Total |   9273 |   8930 |    343 |   3504 |   3767 |   6 | 1545.5 |
       Dungeon |   9273 |   8930 |    343 |   3504 |   3767 |   6 | 1545.5 |
               +--------+--------+--------+--------+--------+-----+--------+

Top non-repeatable levels by time:
     D:3: 2547 daAuts
     D:5: 1812 daAuts
     D:1: 1777 daAuts
     D:2: 1441 daAuts
     D:4: 1427 daAuts
     D:6: 268 daAuts
